 Dungeon Crawl Stone Soup version 0.30-a0-737-gf23d94013f (webtiles) character file.

Game seed: 13033672444186267884

1702 M4edhros the Covert (level 9, -6/53 HPs)
             Began as an Octopode Artificer on Feb 2, 2023.
             Killed from afar by Maggie (14 damage)
             ... with a bolt of fire
             ... on level 7 of the Dungeon.
             The game lasted 00:13:10 (3038 turns).

M4edhros the Covert (Octopode Artificer)            Turns: 3038, Time: 00:13:10

Health: -6/53      AC:  1    Str: 12    XL:     9   Next: 3%
Magic:  9/9        EV: 14    Int: 13    God:
Gold:   177        SH:  0    Dex: 24    Spells: 3/8 levels left

rFire   . . .      SeeInvis .    k - +6 short sword of Duthring {distort, Dex+2}
rCold   . . .      Faith    .    (no shield)
rNeg    . . .      Spirit   .    (helmet restricted)
rPois   .          Reflect  .    j - amulet of magic regeneration
rElec   .          Harm     .    u - +6 ring of dexterity
rCorr   .          Rampage  .    (no ring)
Will    .....                    (no ring)
Stlth   ++++++                   (no ring)
HPRegen 0.28/turn                (no ring)
MPRegen 0.51/turn                (no ring)
                                 (no ring)
                                 (no ring)

@: hasted, very quick
A: almost no armour, amphibious, 8 rings, camouflage 1, gelatinous body 1,
(nimble swimmer 1), tentacles
a: no special abilities


You were on level 7 of the Dungeon.
You visited 1 branch of the dungeon, and saw 7 of its levels.
You also visited: Ossuary.

You collected 270 gold pieces.
You spent 93 gold pieces at shops.

Inventory:

Hand Weapons
 k - the +6 short sword of Duthring (weapon) {distort, Dex+2}
   (You found it on level 5 of the Dungeon)

   Dex:       It affects your dexterity (+2).
Missiles
 e - 5 javelins
 g - 8 poisoned darts
Jewellery
 j - an amulet of magic regeneration (around mantle)
 u - a +6 ring of dexterity (left tentacle)
Wands
 b - a wand of flame (34) (quivered)
 c - a wand of charming (5)
 d - a wand of iceblast (5)
Scrolls
 a - a scroll of poison
 f - 2 scrolls of teleportation
 i - 2 scrolls of fog
 m - a scroll of butterflies {unknown}
 n - 2 scrolls of identify
 o - 3 scrolls of enchant armour
 s - a scroll of immolation {unknown}
Potions
 l - 3 potions of mutation {unknown}
 p - 2 potions of might {unknown}


   Skills:
 - Level 1.0 Fighting
 - Level 5.0 Short Blades
 - Level 2.3 Dodging
 + Level 10.3 Stealth
 - Level 4.5 Unarmed Combat
 - Level 2.0 Hexes
 - Level 4.0 Summonings
 - Level 3.2 Evocations


You had 3 spell levels left.
You knew the following spells:

 Your Spells              Type           Power      Damage    Failure   Level
a - Slow                  Hex            20%        N/A       14%         1
b - Call Canine Familiar  Summ           10%        N/A       19%         3
c - Apportation           Tloc           0%         N/A       30%         1

Your spell library contained the following spells:

 Spells                   Type           Power      Damage    Failure   Level
 Summon Small Mammal      Summ           40%        N/A       6%          1
 Summon Guardian Golem    Hex/Summ       7%         N/A       26%         3
 Necrotise                Necr           0%         1d4       30%         1
 Confusing Touch          Hex            5%         N/A       38%         3
 Cigotuvi's Dreadful Rot  Necr/Pois/Air  0%         N/A       43%         2
 Poisonous Vapours        Pois/Air       0%         N/A       43%         2
 Sublimation of Blood     Necr           0%         N/A       43%         2
 Wereblood                Tmut           0%         N/A       43%         2
 Inner Flame              Hex/Fire       2%         N/A       52%         3
 Mephitic Cloud           Conj/Pois/Air  0%         N/A       67%         3
 Vampiric Draining        Necr           0%         2d6       67%         3
 Flame Wave               Conj/Fire      0%         2d4       97%         4
 Sticky Flame             Conj/Fire      0%         2d3       97%         4
 Summon Hydra             Summ           5%         N/A       100%        7


Dungeon Overview and Level Annotations

Branches:
Dungeon (7/15)            Ossuary (visited)
 Temple: D:4-7

Altars:

Shops:
D:4 *   D:5 *

Annotations:
D:6 1 runed translucent door, MrShunz's ghost, novice VSCj
D:7 Maggie


Innate Abilities, Weirdness & Mutations

You cannot wear most types of armour.
You are amphibious.
You can wear up to eight rings at the same time.
Your skin changes colour to match your surroundings (Stealth+).
Your rubbery body absorbs attacks. (AC +1, EV +1)
((You are camouflaged when in or above water. (Stealth+)))
You have tentacles for arms and can constrict up to eight enemies at once.


Message History

Aim: Maggie, wielding a +0 glaive and wearing +0 swamp dragon scales (moderately wounded, mesmerising, 75% to hit)
The puff of flame hits Maggie!
Maggie is heavily wounded.
Aiming: Throw Flame
Press: ? - help, Shift-Dir - straight line, f/p - Maggie
Aim: Maggie, wielding a +0 glaive and wearing +0 swamp dragon scales (heavily wounded, mesmerising, 75% to hit)
The puff of flame hits Maggie.
Maggie is heavily wounded.
Aiming: Throw Flame
Press: ? - help, Shift-Dir - straight line, f/p - Maggie
Aim: Maggie, wielding a +0 glaive and wearing +0 swamp dragon scales (heavily wounded, mesmerising, 75% to hit)
The puff of flame hits Maggie but does no damage.
Maggie is heavily wounded.
Maggie barely misses you.
Aiming: Throw Flame
Press: ? - help, Shift-Dir - straight line, f/p - Maggie
Aim: Maggie, wielding a +0 glaive and wearing +0 swamp dragon scales (heavily wounded, mesmerising, 75% to hit)
The puff of flame hits Maggie.
Maggie is heavily wounded.
Maggie hits you from afar with a +0 glaive!
Aiming: Throw Flame
Press: ? - help, Shift-Dir - straight line, f/p - Maggie
Aim: Maggie, wielding a +0 glaive and wearing +0 swamp dragon scales (heavily wounded, mesmerising, 75% to hit)
The puff of flame hits Maggie.
Maggie is heavily wounded.
You break out of your daze.
Maggie barely misses you.
Aiming: Throw Flame
Press: ? - help, Shift-Dir - straight line, f/p - Maggie
Aim: Maggie, wielding a +0 glaive and wearing +0 swamp dragon scales (heavily wounded, 75% to hit)
The puff of flame hits Maggie but does no damage.
Maggie is heavily wounded.
Maggie points at you and mumbles some strange words.
The bolt of fire hits you!!
You feel yourself speed up.
Maggie hits you from afar with a +0 glaive!
* * * LOW HITPOINT WARNING * * *
Maggie points at you and mumbles some strange words.
The bolt of fire hits you!
You die...

# .# ####.#### #.......#
##@###.# #...##.# ######
###.###.###+###
####....###.#.#.#.##....#
#........#..#.#>#.#.(...#
#........#...@).........+
#........#.).#)†........#
#........#...#..........#
#.......)#.).#..........#


You could see Maggie.

Vanquished Creatures
  2 yaks (D:7)
  A water moccasin (D:6)
  A sky beast (D:6)
  An ice beast (D:5)
  A black bear (D:5)
  A kobold brigand (D:7)
  A phantom (D:6)
  3 water moccasin zombies (Ossuary)
  A scorpion (D:5)
  3 killer bees (D:7)
  A howler monkey (D:5)
  3 hounds
  A jelly (D:5)
  An orc priest (D:7)
  A gnoll bouda (D:6)
  An iguana (D:5)
  An orc wizard (D:6)
  A mummy (Ossuary)
  2 gnolls (D:6)
  2 adders (D:3)
  A shadow imp (D:5)
  A white imp (D:6)
  3 ufetubi
  7 adder zombies (Ossuary)
  A worm (D:4)
  2 dart slugs
  12 orcs
  A ball python (D:3)
  A bat skeleton (D:2)
  An endoplasm (D:4)
  2 giant cockroaches (D:1)
  3 gnoll zombies (Ossuary)
  2 goblins
  A hobgoblin (D:4)
  4 jackals (D:1)
  4 quokkas
  3 bats (D:3)
  2 frilled lizards (D:2)
  5 hobgoblin zombies (Ossuary)
  8 kobolds
  4 kobold zombies (Ossuary)
  8 orc zombies (Ossuary)
  A rat (D:3)
106 creatures vanquished.

Vanquished Creatures (collateral kills)
  A hound (D:6)
1 creature vanquished.

Vanquished Creatures (others)
  4 yaks (D:7)
  A gnoll (D:6)
  3 demonic plants (D:3)
  3 fungi (D:3)
  4 plants (D:3)
  A withered plant (D:3)
16 creatures vanquished.

Grand Total: 123 creatures vanquished

Notes
Turn   | Place    | Note
-------+----------+-------------------------------------------
     0 | D:1      | M4edhros the Octopode Artificer began the quest for the
                  | Orb.
     0 | D:1      | Reached XP level 1. HP: 13/13 MP: 1/1
    61 | D:1      | Reached skill level 1 in Unarmed Combat
   139 | D:1      | Reached XP level 2. HP: 18/18 MP: 2/2
   279 | D:2      | Learned a level 1 spell: Slow
   431 | D:3      | Reached skill level 1 in Hexes
   431 | D:3      | Reached XP level 3. HP: 21/23 MP: 3/3
   784 | D:4      | Reached XP level 4. HP: 24/28 MP: 4/4
  1222 | D:4      | Found Naylen's CLEARANCE SALE!.
  1228 | D:4      | Bought a scroll of identify for 4 gold pieces
  1285 | D:5      | Entered Level 5 of the Dungeon
  1307 | D:5      | Noticed a scorpion
  1314 | D:5      | Killed a scorpion
  1315 | D:5      | Reached XP level 5. HP: 15/33 MP: 5/5
  1319 | D:5      | Learned a level 3 spell: Call Canine Familiar
  1535 | D:5      | Reached skill level 1 in Summonings
  1614 | D:5      | Identified the +6 short sword of Duthring {distort, Dex+2}
  1627 | D:5      | Noticed an ice beast
  1644 | D:5      | Killed an ice beast
  1645 | D:5      | Reached skill level 1 in Short Blades
  1645 | D:5      | Reached XP level 6. HP: 21/38 MP: 6/6
  1821 | D:5      | Found Ziew's Assorted Antiques.
  1826 | D:5      | Bought a scroll labelled XUTYMU TETSO for 23 gold pieces
  1826 | D:5      | Bought a scroll labelled HIMIFIS YTUNO for 23 gold pieces
  1826 | D:5      | Bought a scroll labelled XUTYMU TETSO for 23 gold pieces
  1826 | D:5      | Bought a yellow potion for 20 gold pieces
  1905 | D:5      | Noticed a black bear
  1914 | D:5      | Killed a black bear
  1915 | D:5      | Reached skill level 2 in Stealth
  1916 | D:5      | Reached XP level 7. HP: 32/43 MP: 7/7
  2002 | D:6      | Found a sand-covered staircase.
  2009 | Ossuary  | Entered an ossuary
  2137 | Ossuary  | Reached skill level 3 in Stealth
  2169 | Ossuary  | Reached skill level 4 in Stealth
  2352 | D:6      | Learned a level 1 spell: Apportation
  2366 | D:6      | Reached skill level 5 in Stealth
  2366 | D:6      | Reached XP level 8. HP: 48/48 MP: 8/8
  2397 | D:6      | Reached skill level 6 in Stealth
  2502 | D:6      | Found a runed translucent door.
  2505 | D:6      | Noticed MrShunz's ghost (novice VSCj)
  2694 | D:7      | Noticed Maggie
  2694 | D:7      | Noticed a yak
  2694 | D:7      | Noticed a yak
  2694 | D:7      | Noticed a yak
  2694 | D:7      | Noticed a yak
  2694 | D:7      | Noticed a yak
  2695 | D:7      | Noticed a yak
  2820 | D:7      | Reached skill level 7 in Stealth
  2823 | D:7      | Killed a yak
  2824 | D:7      | Reached skill level 5 in Short Blades
  2824 | D:7      | Reached skill level 8 in Stealth
  2857 | D:7      | Killed a yak
  2858 | D:7      | Reached skill level 9 in Stealth
  2997 | D:7      | Reached skill level 10 in Stealth
  2997 | D:7      | Reached XP level 9. HP: 51/53 MP: 9/9
  3038 | D:7      | Killed from afar by Maggie

Illustrated notes

Levels and vault maps discovered:
D:1:      lemuel_arrival_behind_the_door_small, layout_loops_ring,
          minmay_misc_feat_ornament
D:2:      layout_basic, serial_undead, serial_undead_b, serial_undead_a,
          serial_undead_f, serial_undead_e
D:3:      layout_basic, shapermc_ecumenical_altar_gd,
          minmay_misc_feat_more_columns
D:4:      layout_basic, nicolae_shop_clearance
D:5:      layout_loops_cross, serial_shops, kennysheep_little_box,
          corexii_shack, minivault_25
D:6:      layout_loops_ring, enter_ossuary_1, ebering_ghost_reflecting_pool
D:7:      layout_gridville, minmay_temple_entry_junction_2,
          grunt_decor_fettered, minmay_misc_feat_pillars, nicolae_stop_n_shop_1,
          uniq_maggie

Skill      XL: |  1  2  3  4  5  6  7  8 |
---------------+-------------------------+-----
Unarmed Combat | 1 2 4 |  4.5
Hexes          | 1 2 |  2.0
Summonings     | 2 3 4 |  4.0
Short Blades   | 1 2 3 5 |  5.0
Stealth        | 2 5 10 | 10.3
Fighting       | |  1.0
Dodging        | |  2.3
Evocations     | |  3.2

Action                     |  1- 3 |  4- 6 |  7- 9 || total
---------------------------+-------+-------+-------++-------
  Melee: Unarmed           |    73 |    34 |       ||   107
         Constrict         |    18 |    11 |    28 ||    57
         Tentacles         |    15 |    12 |    14 ||    41
         Punch             |     3 |     3 |     4 ||    10
         Short sword       |       |    15 |   114 ||   129
   Cast: Slow              |     2 |     5 |       ||     7
  Evoke: Wand              |     2 |     2 |    23 ||    27
    Use: Scroll            |       |     9 |     2 ||    11
         Potion            |       |     2 |     4 ||     6
   Stab: Sleeping          |     6 |     5 |     9 ||    20
         Distracted        |       |       |     1 ||     1
 Armour: Skin              |     7 |     3 |     7 ||    17
  Dodge: Dodged            |    60 |    22 |    52 ||   134

Table legend: (Time is in decaauts)
 A = Elapsed time spent in this place.
 B = Non-inter-level travel time spent in this place.
 C = Inter-level travel time spent in this place.
 D = Time resting spent in this place.
 E = Time spent auto-exploring this place.
 F = Levels seen in this place.
 G = Mean time per level.
                   A        B        C        D        E       F      G
               +--------+--------+--------+--------+--------+-----+--------+
         Total |   3008 |   2788 |    220 |     72 |   1575 |   8 |  376.0 |
       Dungeon |   2777 |   2557 |    220 |     72 |   1446 |   7 |  396.7 |
       Ossuary |    231 |    231 |      0 |      0 |    129 |   1 |  231.0 |
               +--------+--------+--------+--------+--------+-----+--------+

Top non-repeatable levels by time:
     D:5: 632 daAuts
     D:4: 560 daAuts
     D:6: 510 daAuts
     D:7: 354 daAuts
     D:3: 311 daAuts
     D:1: 245 daAuts
 Ossuary: 231 daAuts
     D:2: 163 daAuts
